Selects Special Operations Battlegroup
Selects Special Operations Battlegroup
Construct Weapon Support Center
Selects M29 Weasel with M1 Pack Howitzer
M29 Weasel with M1 Pack Howitzer
Mechanized Support Center
M3 Armored Personnel Carrier
Selects P-47 Anti-Infantry Loiter
Selects UNKNOWN (2162291)
P-47 Anti-Infantry Loiter
Selects SSF Commando Squad
Improved M9 Bazooka Rockets
Designate Forward Repair Station
P-47 Anti-Infantry Loiter
M18 Hellcat Tank Destroyer
P-47 Anti-Infantry Loiter
Selects Assault Operation